 Dungeon Crawl Stone Soup version 0.28.0-45-g0d030f2227 (webtiles) character file.

Game seed: 16354512304673443359

143 protoss039 the Digger (level 5, -5/30 HPs)
             Began as a Gargoyle Earth Elementalist on May 3, 2022.
             Killed from afar by a steam dragon (10 damage)
             ... with a ball of steam
             ... on level 3 of the Dungeon.
             The game lasted 00:07:48 (3857 turns).

protoss039 the Digger (Gargoyle Earth Elementalist) Turns: 3857, Time: 00:07:49

Health: -5/30      AC:  7    Str: 12    XL:     5   Next: 25%
Magic:  1/9        EV: 11    Int: 17    God:
Gold:   149        SH:  0    Dex: 10    Spells: 4/10 levels left

rFire   . . .      SeeInvis .   i - +0 mace (protect)
rCold   . . .      Faith    .   (no shield)
rNeg    + . .      Spirit   .   b - +0 robe
rPois   ∞          Reflect  .   m - +0 helmet
rElec   +          Harm     .   (no cloak)
rCorr   .          Rampage  .   (no gloves)
Will    .....                   (no boots)
Stlth   ++........              (no amulet)
HPRegen 0.10/turn               (no ring)
MPRegen 0.11/turn               (no ring)

@: no status effects
A: sickness immunity, AC +4, negative energy resistance 1, electricity
resistance, torment resistance 1, petrification resistance
a: no special abilities


You were on level 3 of the Dungeon.
You visited 1 branch of the dungeon, and saw 3 of its levels.

You collected 149 gold pieces.

Inventory:

Hand Weapons
 i - a +0 mace of protection (weapon)
Missiles
 a - 5 silver javelins
 c - 43 stones
Armour
 b - a +0 robe (worn)
 e - a +0 ring mail
 m - a +0 helmet (worn)
Jewellery
 o - an amulet of the acrobat
Wands
 h - a wand of flame (25)
 n - a wand of iceblast (6)
Scrolls
 d - a scroll of amnesia {unknown}
 f - a scroll of identify
 g - a scroll of enchant weapon
 j - a scroll of blinking
 k - 2 scrolls of teleportation
Potions
 l - a potion of flight


   Skills:
 + Level 1.6 Fighting
 - Level 1.5 Dodging
 - Level 2.1 Stealth
 + Level 3.1 Spellcasting
 * Level 2.2 Conjurations
 - Level 1.0 Transmutations
 + Level 4.8 Earth Magic


You had 4 spell levels left.
You knew the following spells:

 Your Spells              Type           Power      Damage    Failure   Level
a - Sandblast             Erth           38%        2d10      2%          1
b - Passwall              Tmut/Erth      10%        N/A       8%          2
c - Stone Arrow           Conj/Erth      28%        3d8       12%         3

Your spell library contained the following spells:

 Spells                   Type           Power      Damage    Failure   Level
 Ensorcelled Hibernation  Hex/Ice        4%         N/A       26%         2
 Mephitic Cloud           Conj/Pois/Air  5%         N/A       36%         3
 Ignite Poison            Fire/Tmut/Pois 3%         N/A       41%         3
 Swiftness                Air            2%         N/A       45%         3
 Petrify                  Tmut/Erth      12%        N/A       45%         4
 Freezing Cloud           Conj/Ice/Air   2%         6-21      98%         5


Dungeon Overview and Level Annotations

Branches:
Dungeon (3/15)

Altars:

Annotations:
D:3 2 runed translucent doors, NiggerDarts's ghost, amateur HuFi


Innate Abilities, Weirdness & Mutations

You are immune to sickness and miasma.
Your stone body is resilient. (AC +4)
You are immune to poison.
You resist negative energy. (rN+)
You are resistant to electric shocks. (rElec)
You are resistant to unholy torment.
You are immune to petrification.


Message History

The steam dragon is moderately wounded.
The steam dragon barely misses you. The steam dragon claws you.
Unknown command.
Casting: Sandblast (safe; 2% risk of failure)
Confirm with . or Enter, or press ? or * to list all spells.
Aiming: Sandblast (safe; 2% risk of failure)
Press: ? - help, Shift-Dir - straight line, f/p - steam dragon
Aim: a steam dragon (moderately wounded, 79% to hit)
The blast of sand hits the steam dragon but does no damage.
The steam dragon is moderately wounded.
The steam dragon misses you. The steam dragon closely misses you.
Unknown command.
Unknown command.
Casting: Sandblast (safe; 2% risk of failure)
Confirm with . or Enter, or press ? or * to list all spells.
Aiming: Sandblast (safe; 2% risk of failure)
Press: ? - help, Shift-Dir - straight line, f/p - steam dragon
Aim: a steam dragon (moderately wounded, 79% to hit)
The blast of sand hits the steam dragon!
The steam dragon is heavily wounded.
The steam dragon breathes steam at you. The ball of steam hits you!
* * * LOW HITPOINT WARNING * * *
Unknown command.
Unknown command.
Unknown command.
Unknown command.
Unknown command.
Casting: Sandblast (safe; 2% risk of failure)
Confirm with . or Enter, or press ? or * to list all spells.
Aiming: Sandblast (safe; 2% risk of failure)
Press: ? - help, Shift-Dir - straight line, f/p - steam dragon
Aim: a steam dragon (steam, heavily wounded, 79% to hit)
The blast of sand hits the steam dragon but does no damage.
The steam dragon is heavily wounded.
You are engulfed in a cloud of scalding steam.
* * * LOW HITPOINT WARNING * * *
The steam dragon breathes steam at you. The ball of steam hits you!
You die...

##.### #####..####.# #.# #.
.....## #..####.###.### ##
##....# ##.>.....#.....# #....#
##...######.#.#.## ##...#
##.....## #.#....# # ##..##
##.....§.## #.#.#..# ##
##...####......§.§###......#####.
........+.......D§§..............
##...####......§@§####......####.
###..# ##......§## ##.##.## #.
...#.# ##.....## ####.# #. ##.#.#
##...## #.# #. ##.#.# ##'## #.#
#. .....# ##.####### #.# #.
.#.### #.<......# #.# #. .#.#
#..#####.# #.# #. .#.# ##...##
#.# #.# ##


You could see a steam dragon (catching breath).

Vanquished Creatures
  A jelly (D:3)
  A hound (D:3)
  Robin (D:3)
  6 ball pythons
  3 bats
  5 endoplasms
  4 giant cockroaches
  16 goblins
  7 hobgoblins
  4 jackals (D:1)
  4 kobolds
  A quokka (D:2)
  2 frilled lizards
  5 rats
60 creatures vanquished.

Vanquished Creatures (others)
  4 toadstools (D:1)
4 creatures vanquished.

Grand Total: 64 creatures vanquished

Notes
Turn   | Place    | Note
-------+----------+-------------------------------------------
     0 | D:1      | protoss039 the Gargoyle Earth Elementalist began the quest
                  | for the Orb.
     0 | D:1      | Reached XP level 1. HP: 10/10 MP: 3/3
   141 | D:1      | Reached skill level 1 in Transmutations
   160 | D:1      | Reached XP level 2. HP: 15/15 MP: 1/5
   161 | D:1      | Reached skill level 4 in Earth Magic
   684 | D:1      | Reached XP level 3. HP: 8/19 MP: 4/6
   690 | D:1      | Learned a level 2 spell: Passwall
   694 | D:1      | Learned a level 3 spell: Stone Arrow
  2377 | D:3      | Noticed a steam dragon
  2756 | D:3      | Noticed Robin
  2818 | D:2      | Reached XP level 4. HP: 8/24 MP: 6/8
  3015 | D:3      | Killed Robin
  3016 | D:3      | Reached skill level 1 in Fighting
  3016 | D:3      | Reached skill level 1 in Conjurations
  3450 | D:3      | Found a runed translucent door.
  3451 | D:3      | Noticed NiggerDarts's ghost (amateur HuFi)
  3453 | D:3      | Noticed a bullfrog
  3496 | D:3      | Found a runed translucent door.
  3558 | D:3      | Reached XP level 5. HP: 14/30 MP: 7/9
  3857 | D:3      | Killed from afar by a steam dragon

Illustrated notes

Levels and vault maps discovered:
D:1:      ldierk_walled_garden_2, layout_basic
D:2:      layout_loops_cross, bh_walls_and_bars
D:3:      layout_loops_corners, ebering_ghost_sewer_f, uniq_robin

Skill      XL: |  1  2  3  4 |
---------------+-------------+-----
Transmutations | 1 |  1.0
Earth Magic    | 4 |  4.8
Fighting       | 1 |  1.6
Conjurations   | 2 |  2.2
Spellcasting   | 3 |  3.1
Dodging        | |  1.5
Stealth        | |  2.1

Action                   |  1- 3 |  4- 6 || total
-------------------------+-------+-------++-------
Melee: Dagger            |    80 |       ||    80
       Punch             |     2 |       ||     2
       Mace              |    47 |    41 ||    88
       Short sword       |    23 |       ||    23
 Cast: Sandblast         |    13 |    12 ||    25
       Stone Arrow       |       |     1 ||     1
  Use: Scroll            |     5 |       ||     5
 Stab: Sleeping          |     1 |     1 ||     2
Armor: Ring mail         |    50 |    26 ||    76
       Robe              |    17 |     3 ||    20
Dodge: Dodged            |    94 |    31 ||   125
